 Dungeon Crawl Stone Soup version 0.24.0-123-gd5b16e6ec5 (webtiles) character file.

Game seed: 12653773422527322865, levelgen mode: deterministic

48332 Delamore the Executioner (level 14, -4/127 HPs)
             Began as a Hill Orc Fighter on Dec 28, 2019.
             Was the Champion of Okawaru.
             Slain by a 13-headed hydra (6 damage)
             ... on level 12 of the Dungeon.
             The game lasted 00:32:13 (18285 turns).

Delamore the Executioner (Hill Orc Fighter)        Turns: 18285, Time: 00:32:15

Health: -4/127     AC: 23    Str: 29    XL:     14   Next: 45%
Magic:  19/19      EV:  6    Int:  8    God:    Okawaru [******]
Gold:   1237       SH: 12    Dex: 10    Spells: 13/13 levels left

rFire    + + .     SeeInvis .   a - +1 war axe
rCold    . . .     Gourm    .   J - +2 shield {AC+3}
rNeg     . . .     Faith    .   U - +0 chain mail of Sin {rF+}
rPois    +         Spirit   .   e - +2 hat
rElec    .         Reflect  .   w - +2 cloak {rPois}
rCorr    .         Harm     .   W - +0 pair of gloves
MR       +....                  (no boots)
Stlth    ..........             s - amulet of rage
HPRegen  0.31/turn              v - +5 ring of protection
MPRegen  0.16/turn              L - ring of protection from fire

@: mighty
A: no striking features
a: Heroism, Finesse, Renounce Religion, Evoke Berserk Rage


You were on level 12 of the Dungeon.
You worshipped Okawaru.
Okawaru was exalted by your worship.
You were near starving.

You visited 3 branches of the dungeon, and saw 19 of its levels.

You collected 1419 gold pieces.
You spent 182 gold pieces at shops.

Inventory:

Hand Weapons
 a - a +1 war axe (weapon)
 c - a +1 executioner's axe of venom
Missiles
 t - a throwing net (quivered)
 S - 325 arrows
Armour
 e - a +2 hat (worn)
 u - a +0 plate armour
 w - a +2 cloak of poison resistance (worn)
 J - a +2 shield of protection (worn)
 U - the +0 chain mail of Sin (worn) {rF+}
   (You found it on level 10 of the Dungeon)

   It protects you from fire.
 W - a +0 pair of gloves (worn)
 Z - a scarf of repulsion
Jewellery
 k - an uncursed amulet of magic regeneration
 s - an amulet of rage (around neck)
 v - a +5 ring of protection (left hand)
 L - a ring of protection from fire (right hand)
 O - a +3 ring of intelligence
 X - an uncursed ring of flight {unknown}
Wands
 y - a wand of acid (2)
 B - a wand of flame (19)
 G - a wand of iceblast (35)
 Q - a wand of polymorph (11)
Scrolls
 b - a scroll of noise {unknown}
 h - a scroll of immolation {unknown}
 j - 4 scrolls of enchant weapon
 l - 16 scrolls of remove curse
 m - 3 scrolls of amnesia {unknown}
 q - 5 scrolls of teleportation {unknown}
 A - 4 scrolls of random uselessness
 D - 2 scrolls of blinking {unknown}
 F - 2 scrolls of fear {unknown}
 H - a scroll of identify
 K - 2 scrolls of magic mapping {unknown}
 N - a scroll of fog {unknown}
 V - a scroll of holy word {unknown}
 Y - a scroll of vulnerability {unknown}
Potions
 d - 5 potions of might
 g - 8 potions of curing
 i - 3 potions of invisibility
 n - 3 potions of agility
 o - 2 potions of heal wounds
 p - 3 potions of mutation
 r - 2 potions of flight
 x - 2 potions of cancellation
 z - 6 potions of lignification
 C - 2 potions of magic {unknown}
 E - a potion of degeneration
 I - 4 potions of haste
 M - 5 potions of brilliance
 P - 2 potions of resistance
Miscellaneous
 R - a phial of floods (inert)
Comestibles
 f - 20 rations


   Skills:
 - Level 12.3 Fighting
 + Level 24.1 Axes
 - Level 3.2 Armour
 - Level 3.2 Shields
 - Level 5.3 Invocations
 - Level 7.1 Evocations


You had 13 spell levels left.
You didn't know any spells.
Your spell library contained the following spells:

 Spells                   Type           Power        Failure   Level  Hunger
 Confusing Touch          Hex            #.....       100%        1    ##.....
 Shock                    Conj/Air       #...         100%        1    ##.....
 Swiftness                Chrm/Air       #.......     100%        2    ###....
 Confuse                  Hex            #.......     100%        3    ####...
 Gell's Gravitas          Tloc           #.........   100%        3    ####...
 Static Discharge         Conj/Air       #.......     100%        3    ####...
 Airstrike                Air            #.........   100%        4    #####..
 Petrify                  Tmut/Erth      #.......     100%        4    #####..
 Lightning Bolt           Conj/Air       #.........   100%        5    ######.
 Metabolic Englaciation   Hex/Ice        #.........   100%        5    ######.
 Yara's Violent Unravell  Hex/Tmut       #.........   100%        5    ######.


Dungeon Overview and Level Annotations

Branches:
Dungeon (12/15)            Temple (0/1) D:6            Lair (6/6) D:10
 Shoals (0/4) Lair:4        Snake (1/4) Lair:2        Slime (0/5) Lair:5
    Orc (0/2) D:12

Altars:
Fedhas
Gozag
Okawaru
Xom

Shops:
D:2 *   D:4 ![   D:10 %


Message History

The acid corrodes the wight!
You destroy the wight!
Okawaru accepts your kill.
The bolt of acid hits the goblin skeleton!!
The goblin skeleton is splashed with acid.
The acid corrodes the goblin skeleton!
You destroy the goblin skeleton!
The 13-headed hydra bites you!
* * * LOW HITPOINT WARNING * * *
The 13-headed hydra bites you but does no damage.
You block the 13-headed hydra's attack. x2
The 13-headed hydra bites you but does no damage.
You block the 13-headed hydra's attack. The 13-headed hydra bites you!
* * * LOW HITPOINT WARNING * * *
The 13-headed hydra bites you.
* * * LOW HITPOINT WARNING * * *
The 13-headed hydra completely misses you.
The 13-headed hydra barely misses you. The 13-headed hydra closely misses you.
The 13-headed hydra bites you.
You die...

≈h.............
..8.....>.....8
......(........
#........Z....
.WZ.ZZ..Z....
.z..8......
####.†Z.Z#
#.###z.# #.@D).z#
##.###.##
##...##.#
##.#.###..
##.#.##.####
##.#.##.#.##
##.#.##.#.#.##
##.#.##.#.#.#.##
##.#.##.#.###.#.##


You could see a 13-headed hydra, 2 wights and an ogre zombie.

Vanquished Creatures
  Gastronok (Lair:3)
  Snorg (D:12)
  A fire dragon (Lair:6)
  4 hydras
  3 two-headed ogres
  Erica (D:10)
  An unseen horror (D:10)
  A lindwurm (Lair:6)
  A manticore (Lair:4)
  6 elephants (Lair:6)
  A cyclops (D:11)
  10 black mambas
  13 spiny frogs
  Psyche (D:11)
  2 molten gargoyles (Lair:6)
  A rime drake (Lair:5)
  9 komodo dragons
  2 trolls
  A hornet (Lair:4)
  Prince Ribbit (D:8)
  A slime creature (D:12)
  4 blink frogs (Lair:6)
  12 hippogriffs
  45 yaks
  A water elemental (D:12)
  7 wyverns
  2 steam dragons
  8 basilisks
  4 hungry ghosts
  17 water moccasins
  3 hell hounds (Lair:6)
  9 porcupines
  4 black bears
  4 ice beasts
  6 orc warriors
  A phantom (D:9)
  5 ogres
  3 necrophages
  9 wolves (Lair:3)
  An eye of draining (D:12)
  7 centaurs
  14 crocodiles
  5 big kobolds
  A gnoll sergeant (D:7)
  19 bullfrogs
  7 scorpions
  3 killer bees (D:10)
  A wight (D:12)
  4 howler monkeys
  13 crimson imps
  A bullfrog zombie (D:8)
  5 lava snakes (Lair:6)
  2 centaur zombies
  3 jellies
  5 quasits
  A centaur skeleton (D:8)
  10 hounds
  7 orc priests
  15 orc wizards
  2 bullfrog skeletons
  3 iguanas
  8 worker ants
  18 adders
  7 gnolls
  3 shadow imps
  An ooze (D:3)
  An adder skeleton (D:4)
  A worm (D:4)
  4 dart slugs
  6 leopard geckos
  52 orcs
  A ball python (D:5)
  9 bats
  4 giant cockroaches
  8 hobgoblins
  19 jackals
  2 quokkas
  2 frilled lizards
  10 goblins
  A goblin skeleton (D:12)
  A hobgoblin zombie (D:12)
  A jackal skeleton (D:4)
  28 kobolds
  2 orc zombies (D:12)
  12 rats
  5 fungi
  6 plants
547 creatures vanquished.

Vanquished Creatures (others)
  17 fungi
  28 plants
45 creatures vanquished.

Grand Total: 592 creatures vanquished

Notes
Turn   | Place    | Note
-------+----------+-------------------------------------------
     0 | D:1      | Delamore the Hill Orc Fighter began the quest for the Orb.
     0 | D:1      | Reached XP level 1. HP: 19/19 MP: 1/1
    99 | D:1      | Reached skill level 3 in Axes
   156 | D:1      | Reached XP level 2. HP: 20/26 MP: 2/2
   223 | D:1      | Reached skill level 4 in Axes
   245 | D:1      | Reached XP level 3. HP: 21/31 MP: 3/3
   596 | D:2      | Found an opulent altar of Gozag.
   605 | D:2      | Reached skill level 5 in Axes
   609 | D:2      | Found Gozag's Platinum Reserve.
   796 | D:2      | Reached XP level 4. HP: 38/39 MP: 4/4
   819 | D:2      | Found a faded altar of an unknown god.
   972 | D:2      | Reached skill level 6 in Axes
  1142 | D:3      | Reached XP level 5. HP: 45/45 MP: 5/5
  1186 | D:3      | Reached skill level 7 in Axes
  1215 | D:3      | Noticed an ice beast
  1225 | D:3      | Killed an ice beast
  1225 | D:3      | Reached skill level 8 in Axes
  1225 | D:3      | Reached XP level 6. HP: 38/51 MP: 6/6
  1766 | D:4      | Reached skill level 9 in Axes
  1786 | D:4      | Found Hinuqip's Distillery.
  1789 | D:4      | Found Notz's Antique Armour Shoppe.
  1800 | D:4      | Bought 2 potions of might for 104 gold pieces
  1800 | D:4      | Bought a potion of heal wounds for 65 gold pieces
  1800 | D:4      | Bought a potion of degeneration for 13 gold pieces
  1812 | D:4      | Noticed an ice beast
  1822 | D:4      | Killed an ice beast
  1822 | D:4      | Reached XP level 7. HP: 47/57 MP: 7/7
  1912 | D:4      | Reached skill level 10 in Axes
  2559 | D:5      | Entered Level 5 of the Dungeon
  2582 | D:4      | Reached skill level 11 in Axes
  2706 | D:5      | Reached XP level 8. HP: 64/64 MP: 8/8
  2741 | D:5      | Found a shimmering altar of Xom.
  2829 | D:5      | Reached skill level 12 in Axes
  2869 | D:5      | Found an iron altar of Okawaru.
  2913 | D:5      | Became a worshipper of Warmaster Okawaru
  2992 | D:5      | You fall into a shaft and drop 3 floors!
  3036 | D:8      | Noticed a wyvern
  3047 | D:8      | HP: 1/64 [wyvern (8)]
  3052 | D:8      | Killed a wyvern
  3052 | D:8      | Reached * piety under Okawaru
  3052 | D:8      | Reached skill level 13 in Axes
  3058 | D:8      | Noticed a hippogriff
  3070 | D:8      | Found a shimmering altar of Xom.
  3401 | D:7      | Reached skill level 14 in Axes
  3401 | D:7      | Reached XP level 9. HP: 52/70 MP: 9/9
  3662 | D:6      | Found a staircase to the Ecumenical Temple.
  3734 | D:6      | Found a blossoming altar of Fedhas.
  4499 | D:7      | Reached skill level 15 in Axes
  4564 | D:7      | Reached ** piety under Okawaru
  5094 | D:8      | Noticed Prince Ribbit
  5144 | D:8      | Killed Prince Ribbit
  5144 | D:8      | Reached skill level 16 in Axes
  5708 | D:9      | Reached XP level 10. HP: 48/77 MP: 10/10
  5916 | D:9      | Reached *** piety under Okawaru
  5919 | D:9      | Reached skill level 17 in Axes
  6023 | D:9      | Reached skill level 1 in Evocations
  6147 | D:9      | Reached skill level 5 in Fighting
  6158 | D:9      | Reached **** piety under Okawaru
  6476 | D:10     | Entered Level 10 of the Dungeon
  6692 | D:10     | Found a staircase to the Lair.
  6703 | D:10     | Reached XP level 11. HP: 85/93 MP: 13/13
  6748 | D:10     | Noticed a two-headed ogre
  6757 | D:10     | Killed a two-headed ogre
  6757 | D:10     | Reached ***** piety under Okawaru
  6836 | D:10     | Noticed Erica
  6845 | D:10     | Killed Erica
  6845 | D:10     | Reached skill level 18 in Axes
  6964 | D:10     | Got a jewelled falchion
  6970 | D:10     | Identified the cursed +0 falchion of Xideuc {flame, *Drain
                  | rElec rPois Dex+6} (You found it on level 10 of the
                  | Dungeon)
  7015 | D:10     | Got a spiked chain mail
  7026 | D:10     | Identified the +0 chain mail of Sin {rF+} (You found it on
                  | level 10 of the Dungeon)
  7337 | D:10     | Received a gift from Okawaru
  7341 | D:10     | Reached skill level 5 in Evocations
  7354 | D:10     | Killed an unseen horror
  7354 | D:10     | Reached skill level 10 in Fighting
  7659 | D:10     | Found Akeo's Food Shoppe.
  8063 | D:11     | Noticed a cyclops
  8078 | D:11     | Killed a cyclops
  8078 | D:11     | Reached skill level 1 in Invocations
  8125 | D:11     | Noticed a two-headed ogre
  8141 | D:11     | Killed a two-headed ogre
  8141 | D:11     | Reached XP level 12. HP: 81/110 MP: 11/16
  8194 | D:11     | Received a gift from Okawaru
  8650 | D:11     | Noticed a two-headed ogre
  8653 | D:11     | Noticed Psyche
  8658 | D:11     | Killed a two-headed ogre
  8745 | D:11     | Killed Psyche
  9573 | D:12     | Noticed a seven-headed hydra
  9629 | Lair:1   | Entered Level 1 of the Lair of Beasts
 10234 | Lair:1   | Reached skill level 5 in Invocations
 10842 | Lair:2   | Reached skill level 19 in Axes
 11212 | Lair:2   | Found a staircase to the Snake Pit.
 11506 | Snake:1  | Entered Level 1 of the Snake Pit
 11506 | Snake:1  | Noticed an anaconda
 11507 | Snake:1  | Noticed an anaconda
 11534 | Lair:3   | Noticed Gastronok
 11564 | Lair:3   | Killed Gastronok
 11564 | Lair:3   | Reached ****** piety under Okawaru
 11564 | Lair:3   | Reached skill level 20 in Axes
 11564 | Lair:3   | Reached XP level 13. HP: 92/119 MP: 18/18
 11623 | Lair:3   | HP: 2/119 [wolf (5)]
 12184 | Lair:3   | Received a gift from Okawaru
 12778 | Lair:4   | Found a staircase to the Shoals.
 12995 | Lair:4   | Reached skill level 21 in Axes
 13112 | Lair:4   | Received a gift from Okawaru
 13479 | Lair:5   | Found a staircase to the Slime Pits.
 13827 | Lair:5   | Received a gift from Okawaru
 13838 | Lair:5   | You fall into a shaft and drop 1 floor!
 13838 | Lair:6   | Entered Level 6 of the Lair of Beasts
 14287 | Lair:5   | Reached skill level 22 in Axes
 15335 | Lair:6   | Received a gift from Okawaru
 16075 | Lair:6   | Noticed a fire dragon
 16113 | Lair:6   | Reached XP level 14. HP: 101/127 MP: 19/19
 16169 | Lair:6   | Reached skill level 23 in Axes
 16591 | Lair:6   | Found a large runed translucent door.
 16592 | Lair:6   | Found a large runed translucent door.
 18164 | D:12     | Noticed Snorg
 18185 | D:12     | Killed Snorg
 18185 | D:12     | Reached skill level 24 in Axes
 18269 | D:12     | Found a staircase to the Orcish Mines.
 18285 | D:12     | HP: 3/127 [13-headed hydra (8)]
 18285 | D:12     | Slain by a 13-headed hydra

Levels and vault maps discovered:
D:1:      enne_arrival_octagon_isle, layout_basic
D:2:      layout_basic, first_ration, chequers_ecumenical_altar_simple,
          nicolae_gozag_zags_fifth_avenue
D:3:      layout_rooms
D:4:      layout_layer_cave, serial_shops, shop, shop
D:5:      layout_rooms, lemuel_doored_altar, led_xom_imps
D:6:      layout_loops_corners, minmay_temple_entry_grid, fedhas_ov_isle_minmay
D:7:      layout_gridville
D:8:      layout_rooms, basic_altar, uniq_prince_ribbit1
D:9:      layout_long_grid
D:10:     layout_irregular_city, grunt_lair_entry_orc_guard_hut, serial_shops,
          kennysheep_mini_moat, uniq_erica
D:11:     nicolae_whirlpool, layout_layer_cave, uniq_psyche
D:12:     minmay_inner_zag, layout_basic, zombieorc2_lemuel, serial_shops,
          shop_fountains, uniq_snorg
Lair:1:   layout_cave_pods, serial_rivers, chequers_serial_rivers_small_a,
          chequers_serial_rivers_micro_c, chequers_serial_rivers_micro_a,
          chequers_serial_rivers_micro_c, grunt_megastairs_3
Lair:2:   layout_hall_layers, dummy_snake_entry
Lair:3:   layout_regular_city, guppyfry_lair_drakes,
          infiniplex_staircase_pool_2, uniq_gastronok
Lair:4:   minmay_lair_venomous_thicket, layout_gridlike,
          minmay_shoals_entry_beasts, serial_bayou_shore_b
Lair:5:   beast_lair_carwin_large_3, layout_cave_pods, slime_dummy, st_stairs_13
Lair:6:   cheibrodos_lair_end_hotspot, layout_layer_cave
Snake:1:  layout_rooms

Skill      XL: |  1  2  3  4  5  6  7  8  9 10 11 12 13 14 |
---------------+-------------------------------------------+-----
Axes           | 3 4 5 6 8 9 11 14 16 17 18 20 22 24 | 24.1
Fighting       | 7 11 12 | 12.3
Evocations     | 3 6 7 |  7.1
Invocations    | 2 5 |  5.3
Armour         | |  3.2
Shields        | |  3.2

Action                   |  1- 3 |  4- 6 |  7- 9 | 10-12 | 13-15 || total
-------------------------+-------+-------+-------+-------+-------++-------
Melee: War axe           |   126 |   165 |   429 |   669 |   679 ||  2068
 Abil: Evoke Berserk Rag |       |     1 |     2 |     7 |     3 ||    13
Evoke: Wand              |       |       |       |       |    13 ||    13
       Phial of floods   |       |       |       |       |     2 ||     2
  Use: Potion            |       |       |     1 |       |     4 ||     5
       Scroll            |       |       |     8 |     4 |     3 ||    15
  Eat: Chunk             |       |     5 |    14 |    27 |    22 ||    68
       Ration            |       |       |       |     1 |     1 ||     2
Armor: Scale mail        |    80 |    13 |       |       |       ||    93
       Plate armour      |       |   114 |   236 |   396 |   343 ||  1089
       Chain mail        |       |       |       |       |   200 ||   200
Dodge: Dodged            |    29 |    35 |    60 |   107 |   115 ||   346
Block: Shield            |    79 |    91 |   192 |   323 |   390 ||  1075
